 Dungeon Crawl Stone Soup version 0.29-a0-275-g389c0b56f3 (webtiles) character file.

Game seed: 13370456686171623045

732 davidthevgamer991 the Skirmisher (level 7, -6/61 HPs)
             Began as a Minotaur Berserker on Mar 9, 2022.
             Was an Initiate of Makhleb.
             Mangled by a gnoll
             ... wielding a +1 halberd of venom
              (13 damage)
             ... on level 6 of the Dungeon.
             The game lasted 00:50:59 (3815 turns).

davidthevgamer991 the Skirmisher (MiBe)             Turns: 3815, Time: 00:51:00

Health: -6/61      AC: 13    Str: 23    XL:     7   Next: 45%
Magic:  6/6        EV: 11    Int:  4    God:    Makhleb [......]
Gold:   133        SH: 12    Dex: 16    Spells: 6/6 levels left

rFire   . . .      SeeInvis .   r - +0 flail
rCold   . . .      Faith    .   O - +2 buckler {AC+3}
rNeg    . . .      Spirit   .   p - +0 scale mail
rPois   .          Reflect  +   w - +2 hat
rElec   .          Harm     +   v - scarf {harm}
rCorr   .          Rampage  .   s - +0 pair of gloves
Will    .....                   (no boots)
Stlth   ..........              o - amulet of reflection
HPRegen 0.20/turn               g - +6 ring of dexterity
MPRegen 0.10/turn               (no ring)

@: no status effects
A: horns 2, retaliatory headbutt
a: Renounce Religion


You were on level 6 of the Dungeon.
You worshipped Makhleb.
Makhleb was noncommittal.
You visited 2 branches of the dungeon, and saw 7 of its levels.

You collected 274 gold pieces.
You spent 127 gold pieces at shops.
You donated 14 gold pieces to Zin.

Inventory:

Hand Weapons
 a - a +0 spear
 h - a +0 spear
 k - a +0 hunting sling
 r - a +0 flail (weapon)
 y - a +0 quarterstaff
 E - a +0 trident
 G - a +0 dagger
 J - a +0 hunting sling
Missiles
 f - 98 stones (quivered)
 t - 5 javelins
 S - 3 poisoned darts
Armour
 b - a +0 animal skin
 c - a +0 barding
 d - a +0 helmet
 e - a +0 robe
 l - a +0 ring mail
 m - a +0 leather armour
 p - a +0 scale mail (worn)
 s - a +0 pair of gloves (worn)
 v - a scarf of harm (worn)
 w - a +2 hat (worn)
 z - a scarf of repulsion
 D - an orb of mayhem
 H - a +0 helmet
 K - a +0 chain mail
 O - a +2 buckler of protection (worn)
 T - a +0 robe
Magical Staves
 N - a staff of poison
 U - a staff of fire
Jewellery
 g - a +6 ring of dexterity (left hand)
 o - an amulet of reflection (around neck)
 F - a ring of ice
Wands
 W - a wand of flame (18)
Scrolls
 i - 6 scrolls of identify
 u - a scroll of fear {unknown}
 x - a scroll of acquirement {unknown}
 A - 2 scrolls of teleportation {unknown}
 B - a scroll of summoning {unknown}
 C - a scroll of fog {unknown}
Potions
 j - 2 potions of degeneration {unknown}
 n - 2 potions of cancellation {unknown}
 q - a potion of resistance {unknown}
 I - 2 potions of mutation {unknown}
 L - a potion of heal wounds {unknown}
 M - 3 potions of curing
 P - a potion of attraction {unknown}
 Q - a potion of magic {unknown}
 R - a potion of haste {unknown}
 V - 2 potions of might {unknown}
 X - a potion of brilliance {unknown}


   Skills:
 + Level 5.2 Fighting
 + Level 5.2 Maces & Flails
 + Level 4.5 Polearms
 + Level 4.4 Armour
 + Level 3.7 Dodging
 + Level 1.1 Stealth
 + Level 3.7 Shields


You had 6 spell levels left.
You didn't know any spells.
Your spell library contained the following spells:

 Spells                   Type           Power      Damage    Failure   Level
 Freeze                   Ice            0%         1d3       88%         1
 Magic Dart               Conj           0%         1d3       88%         1
 Sandblast                Erth           0%         2d4       88%         1
 Slow                     Hex            0%         N/A       88%         1
 Call Imp                 Summ           0%         N/A       95%         2
 Confusing Touch          Hex            0%         N/A       99%         3
 Mephitic Cloud           Conj/Pois/Air  0%         N/A       99%         3
 Ozocubu's Armour         Ice            0%         N/A       99%         3
 Vampiric Draining        Necr           0%         2d6       99%         3
 Metabolic Englaciation   Hex/Ice        0%         N/A       100%        5
 Simulacrum               Ice/Necr       0%         N/A       100%        6


Dungeon Overview and Level Annotations

Branches:
Dungeon (6/15)             Temple (1/1) D:5

Altars:
Ashenzari
Cheibriados
Dithmenos
Elyvilon
Fedhas
Gozag
Hepliaklqana
Kikubaaqudgha
Makhleb
Nemelex Xobeh
Qazlal
Uskayaw
Vehumet
Wu Jian
Zin

Shops:
D:4 [


Innate Abilities, Weirdness & Mutations

You have a pair of horns on your head.
You reflexively headbutt those who attack you in melee.


Message History

The gnoll misses you.
Things that are here:
a +0 club; a +0 robe; a gnoll corpse You sock the gnoll!
You kill the gnoll!
Makhleb accepts your kill.
You feel sick. You block the sky beast's attack.
The gnoll hits you but does no damage.
You are more poisoned.
You hit the gnoll. Your headbutt misses the gnoll.
The gnoll is lightly wounded.
You feel very sick.
The sky beast hits you but does no damage.
You block the gnoll's attack. x2
You hit the gnoll.
The gnoll is lightly wounded.
You feel sick.
The sky beast hits you but does no damage.
The gnoll barely misses you. x2
You hit the gnoll.
The gnoll is severely wounded.
You feel sick. You block the sky beast's attack.
The gnoll barely misses you. x2
You thump the gnoll!
You kill the gnoll!
Makhleb accepts your kill.
You feel sick. You block the sky beast's attack.
You block the gnoll's attack. x2
You block the sky beast's attack.
You feel your strength returning.
You feel sick. The gnoll closely misses you. You furiously retaliate!
You headbutt the gnoll. You block the sky beast's attack.
You hit the sky beast but do no damage.
You feel sick. The gnoll barely misses you.
The sky beast flickers out of sight!
Deactivating autopickup; reactivate with Ctrl-A.
You block something's attack.
You barely miss the gnoll.
The gnoll is heavily wounded.
You feel sick.
You are no longer poisoned.
The gnoll hits you with a +1 halberd of venom!
You die...

#.# #.##.. .##.#.#.....
...........> ....#.#.....
############.......
#######..................
...............##########
#...)))......'....<....
#....{@......####.###..
#.....g......# #.# #.#
.......(#####.## #.# #..
........# #.# #.# ###
........# #.# #.#
........# ..# #..
..#...... ... ### ######


You could see a gnoll.

Vanquished Creatures
  An acid dragon (D:4)
  A necrophage (D:4)
  A scorpion (D:5)
  A bullfrog (D:5)
  A howler monkey (D:4)
  3 hounds
  A jelly (D:5)
  A gnoll shaman (D:6)
  Jessica (D:2)
  2 orc wizards (D:5)
  4 gnolls (D:6)
  7 adders
  5 dart slugs
  9 orcs
  6 ball pythons
  3 bats
  An endoplasm (D:2)
  3 giant cockroaches
  9 goblins
  7 hobgoblins
  4 kobolds
  2 quokkas (D:3)
  A frilled lizard (D:2)
74 creatures vanquished.

Vanquished Creatures (others)
  A plant (D:1)
1 creature vanquished.

Grand Total: 75 creatures vanquished

Notes
Turn   | Place    | Note
-------+----------+-------------------------------------------
     0 | D:1      | davidthevgamer991 the Minotaur Berserker began the quest
                  | for the Orb.
     0 | D:1      | Reached XP level 1. HP: 19/19 MP: 0/0
   248 | D:1      | Reached XP level 2. HP: 19/27 MP: 1/1
   384 | D:1      | Found a faded altar of an unknown god.
   953 | D:2      | Reached XP level 3. HP: 29/33 MP: 2/2
  1116 | D:2      | Reached ** piety under Trog
  1273 | D:2      | Noticed Jessica
  1279 | D:2      | Killed Jessica
  1280 | D:2      | Reached XP level 4. HP: 36/41 MP: 3/3
  1490 | D:3      | Reached skill level 1 in Maces & Flails
  1756 | D:3      | Found a shadowy altar of Dithmenos.
  2094 | D:4      | Noticed a necrophage
  2103 | D:4      | Killed a necrophage
  2104 | D:4      | Reached skill level 1 in Shields
  2104 | D:4      | Reached XP level 5. HP: 46/47 MP: 4/4
  2123 | D:4      | Got A Beginning Course on Secret Knowledge
  2211 | D:4      | Noticed an acid dragon
  2227 | D:4      | Killed an acid dragon
  2228 | D:4      | Reached XP level 6. HP: 33/53 MP: 5/5
  2331 | D:4      | Found Baumony's Antique Armour Emporium.
  2370 | D:4      | Bought a glowing buckler for 127 gold pieces
  2770 | D:5      | Entered Level 5 of the Dungeon
  2843 | D:5      | Found a glowing silver altar of Zin.
  2858 | D:5      | Fell from the grace of Trog
  2858 | D:5      | Became a worshipper of Zin the Law-Giver
  2858 | D:5      | Reached * piety under Zin
  2911 | D:5      | Found a blossoming altar of Fedhas.
  2966 | D:5      | Reached skill level 5 in Fighting
  2973 | D:5      | Found a staircase to the Ecumenical Temple.
  3000 | D:5      | Reached XP level 7. HP: 49/61 MP: 6/6
  3012 | Temple   | Entered the Ecumenical Temple
  3127 | Temple   | Fell from the grace of Zin
  3127 | Temple   | Became a worshipper of Makhleb the Destroyer
  3345 | D:5      | Found a radiant altar of Vehumet.
  3720 | D:6      | Reached skill level 5 in Maces & Flails
  3743 | D:6      | Found a sparkling altar of Nemelex Xobeh.
  3806 | D:6      | Reached skill level 1 in Stealth
  3815 | D:6      | Mangled by a gnoll

Illustrated notes

Levels and vault maps discovered:
D:1:      onia_arrival_mini_maze, layout_basic,
          nicolae_ecumenical_snake_handling, kennysheep_decorative_pillar
D:2:      layout_basic, minmay_tree_intersection, uniq_crazy_yiuf_cottage,
          uniq_jessica
D:3:      layout_rooms, mainiacjoe_overflow_alcove_2
D:4:      layout_loops_corners, kennysheep_orc_sif_temple, serial_shops, shop,
          st_stairs_14, hangedman_decor_points, uniq_pikel
D:5:      layout_basic, vehumet_altar_wand_db, lemuel_crystal_altar,
          minmay_temple_entry_slanted, kennysheep_flooded_box
D:6:      layout_basic, grunt_temple_overflow_order_and_chaos_1,
          kennysheep_mini, pf_just_have_faith,
          mainiacjoe_overflow_six_doors_small, hangedman_abyss_or_decor_slice
Temple:   jpeg_temple_alley_garden

Skill      XL: |  1  2  3  4  5  6  7 |
---------------+----------------------+-----
Fighting       | 4 5 |  5.2
Polearms       | 4 |  4.5
Dodging        | 3 |  3.7
Maces & Flails | 2 3 4 5 |  5.2
Armour         | 3 4 |  4.4
Shields        | 1 2 3 |  3.7
Stealth        | 1 |  1.1

Action                   |  1- 3 |  4- 6 |  7- 9 || total
-------------------------+-------+-------+-------++-------
Melee: Spear             |    37 |       |       ||    37
       Headbutt          |    13 |    14 |     4 ||    31
       Flail             |    19 |    72 |    36 ||   127
Throw: Stone             |       |       |     1 ||     1
  Use: Scroll            |     1 |       |       ||     1
       Potion            |       |     2 |       ||     2
 Stab: Sleeping          |     1 |       |       ||     1
Armor: Animal skin       |     4 |       |       ||     4
       Scale mail        |    13 |    47 |    16 ||    76
Dodge: Dodged            |    37 |    58 |    36 ||   131
Block: Other             |    12 |    14 |       ||    26
       Orb               |       |    11 |       ||    11
       Reflection        |       |     4 |       ||     4
       Buckler           |       |    20 |    35 ||    55

Table legend: (Time is in decaauts)
 A = Elapsed time spent in this place.
 B = Non-inter-level travel time spent in this place.
 C = Inter-level travel time spent in this place.
 D = Time resting spent in this place.
 E = Time spent auto-exploring this place.
 F = Levels seen in this place.
 G = Mean time per level.
                   A        B        C        D        E       F      G
               +--------+--------+--------+--------+--------+-----+--------+
         Total |   3845 |   3845 |      0 |      0 |      0 |   7 |  549.3 |
       Dungeon |   3690 |   3690 |      0 |      0 |      0 |   6 |  615.0 |
        Temple |    155 |    155 |      0 |      0 |      0 |   1 |  155.0 |
               +--------+--------+--------+--------+--------+-----+--------+

Top non-repeatable levels by time:
     D:5: 795 daAuts
     D:2: 758 daAuts
     D:4: 755 daAuts
     D:1: 709 daAuts
     D:3: 565 daAuts
  Temple: 155 daAuts
     D:6: 106 daAuts
